 Dungeon Crawl Stone Soup version 0.18.1-5-g4a78601 (webtiles) character file.

98 varam the Poker (level 4, 0/38 HPs)
             Began as a Centaur Fighter on May 9, 2016.
             Slain by an orc
             ... wielding a +0 dagger
              (2 damage)
             ... on level 3 of the Dungeon.
             The game lasted 00:05:07 (2042 turns).

varam the Poker (Centaur Fighter)                   Turns: 2042, Time: 00:05:08

Health: 0/38       AC: 12    Str: 19    XL:     4   Next: 43%
Magic:  4/4        EV:  5    Int:  5    God:
Gold:   108        SH:  8    Dex:  9    Spells: 0 memorised, 3 levels left

rFire  . . .     SeeInvis .     u - +4 dagger (protect)
rCold  . . .     Gourm    .     b - +0 scale mail
rNeg   + . .     Faith    .     c - +0 shield
rPois  .         Spirit   .     (no helmet)
rElec  .         Dismiss  .     s - +0 cloak (curse)
rCorr  .         Reflect  .     (no gloves)
SustAt .         Harm     .     (no barding)
MR     .....                    (no amulet)
Stlth  ..........               m - -2 ring of intelligence (curse)
                                l - ring of positive energy

@: very quick, not resistant to hostile enchantments, extremely unstealthy
A: hooves 3, deformed body, speed 2, tough skin 3
a: no special abilities


You were on level 3 of the Dungeon.
You were not hungry.

You visited 1 branch of the dungeon, and saw 3 of its levels.

You collected 108 gold pieces.

Inventory:

Hand Weapons
 a - a +0 trident
 u - a +4 dagger of protection (weapon)
 w - a +2 mace of protection
Armour
 b - a +0 scale mail (worn)
 c - a +0 shield (worn)
 s - a cursed +0 cloak (worn)
Jewellery
 l - a ring of positive energy (left hand)
 m - a cursed -2 ring of intelligence (right hand)
 r - a cursed ring of teleportation {unknown}
Scrolls
 e - 3 scrolls of magic mapping
 g - a scroll of remove curse {unknown}
 i - a scroll of enchant weapon
 j - a scroll of enchant armour {unknown}
 k - a scroll of blinking
 p - a scroll of immolation {unknown}
 t - a scroll of recharging {unknown}
Potions
 d - 2 potions of might
 n - a potion of invisibility {unknown}
 q - 2 potions of lignification {unknown}
Comestibles
 f - a bread ration
 h - a beef jerky
 o - a royal jelly


   Skills:
 - Level 3.0 Fighting
 + Level 4.3 Polearms
 - Level 2.1 Armour
 - Level 2.1 Shields


You had 3 spell levels left.
You didn't know any spells.

Dungeon Overview and Level Annotations

Branches:
Dungeon (3/15)

Altars:
Nemelex Xobeh


Innate Abilities, Weirdness & Mutations

You have hooves in place of feet.
Armour fits poorly on your strangely shaped body.
You cover ground very quickly.
You have extremely tough skin (AC +3).


Message History

The orc wizard gestures wildly while chanting.
The orc wizard flickers and vanishes!
Deactivating autopickup; reactivate with Ctrl-A.
The orc hits you but does no damage.
Number of times to repeat, then command key: You must enter the number of times for the command to repeat.
You bump into the rock wall.
Something hits you but does no damage. The orc hits you but does no damage.
Something hits you but does no damage.
Found 15 arrows.
Found a sparkling altar of Nemelex Xobeh.
You hit something.
Reactivating autopickup.
You feel a bit more experienced.
You feel less confused. You block the orc's attack.
You hit the orc.
The orc is lightly wounded.
The orc hits you with a dagger.
You die...

....## ....##
....#_
#+####....##
#.........#
#..(.....#
#........## #
####.o@....... +.
+.##.)........ #$.
#..'......$>..
#...#..#(........(
+...'.)(##########
#...#...# #..
#.^.# ##########
#. #...#
#........# ####
#...# #....)...#


You could see an orc.

Vanquished Creatures
  An orc wizard (D:3)
  2 adders (D:2)
  A dart slug (D:1)
  3 giant geckos
  3 orcs (D:3)
  10 bats
  3 giant cockroaches (D:2)
  4 goblins
  8 hobgoblins
  3 jackals (D:2)
  A quokka (D:2)
  3 kobolds
  4 rats
46 creatures vanquished.

Notes
Turn   | Place    | Note
--------------------------------------------------------------
     0 | D:1      | varam the Centaur Fighter began the quest for the Orb.
     0 | D:1      | Reached XP level 1. HP: 19/19 MP: 1/1
    38 | D:1      | Reached skill level 2 in Polearms
    68 | D:1      | Reached XP level 2. HP: 14/26 MP: 2/2
   553 | D:1      | Reached skill level 3 in Polearms
   802 | D:2      | Reached XP level 3. HP: 31/31 MP: 3/3
  1819 | D:3      | Reached XP level 4. HP: 38/38 MP: 4/4
  1984 | D:3      | Reached skill level 4 in Polearms
  2034 | D:3      | HP: 1/38 [orc wizard/puff of flame (8)]
  2040 | D:3      | Found a sparkling altar of Nemelex Xobeh.
  2042 | D:3      | Slain by an orc

Skill      XL: |  1  2  3  4 |
---------------+-------------+-----
Polearms       | 2 3 4 |  4.3
Fighting       | |  3.0
Armour         | |  2.1
Shields        | |  2.1

Action                   |  1- 3 |  4- 6 || total
-------------------------+-------+-------++-------
Melee: Trident           |   149 |    38 ||   187
       Kick              |    19 |     8 ||    27
       Dagger            |    11 |    11 ||    22
       Mace              |       |     2 ||     2
  Use: Scroll            |     3 |       ||     3
  Eat: Bread ration      |     1 |       ||     1
Armor: Scale mail        |    79 |    32 ||   111
Dodge: Dodged            |    31 |    10 ||    41
Block: Shield            |    59 |    16 ||    75
